 Dungeon Crawl Stone Soup version 0.29-a0-559-g359e09b9d1 (webtiles) character file.

Game seed: 15903619318466743085

1108 jlumianski the Covered (level 8, -1/49 HPs)
             Began as a Gargoyle Fighter on June 10, 2022.
             Slain by a gnoll
             ... wielding a +0 whip
             ... led by a gnoll shaman
              (5 damage)
             ... on level 5 of the Dungeon.
             The game lasted 00:14:32 (3904 turns).

jlumianski the Covered (Gargoyle Fighter)           Turns: 3904, Time: 00:14:34

Health: -1/49      AC: 13    Str: 23    XL:     8   Next: 33%
Magic:  8/8        EV: 10    Int:  8    God:
Gold:   136        SH:  4    Dex:  9    Spells: 7/7 levels left

rFire   + . .      SeeInvis .   v - +3 hand axe (venom)
rCold   + . .      Faith    .   c - +0 buckler
rNeg    + . .      Spirit   .   b - +0 scale mail
rPois   ∞          Reflect  .   (no helmet)
rElec   +          Harm     .   r - scarf {rC+ rF+}
rCorr   .          Rampage  .   (no gloves)
Will    .....                   (no boots)
Stlth   ..........              (no amulet)
HPRegen 0.16/turn               (no ring)
MPRegen 0.11/turn               (no ring)

@: mighty
A: sickness immunity, AC +5, negative energy resistance 1, electricity
resistance, torment resistance 1, petrification resistance
a: no special abilities


You were on level 5 of the Dungeon.
You visited 1 branch of the dungeon, and saw 5 of its levels.

You collected 136 gold pieces.

Inventory:

Hand Weapons
 a - a +0 war axe
 p - a +0 dagger of protection
 v - a +3 hand axe of venom (weapon)
 y - a +1 whip of freezing
Missiles
 f - 96 stones
 i - 11 poisoned darts (quivered)
 B - a boomerang
Armour
 b - a +0 scale mail (worn)
 c - a +0 buckler (worn)
 r - a scarf of resistance (worn)
Jewellery
 g - an amulet of magic regeneration
Wands
 q - a wand of iceblast (4)
 D - a wand of acid (2)
Scrolls
 j - a scroll of enchant weapon
 l - a scroll of fog
 m - a scroll of teleportation
 t - a scroll of noise
 x - 2 scrolls of fear {unknown}
 z - a scroll of enchant armour {unknown}
Potions
 d - 2 potions of might
 e - a potion of mutation {unknown}
 h - 2 potions of curing
 o - a potion of flight {unknown}
 s - a potion of haste {unknown}
 u - a potion of degeneration {unknown}
 w - a potion of heal wounds {unknown}
 A - a potion of brilliance {unknown}
 C - a potion of attraction {unknown}


   Skills:
 + Level 5.3 Fighting
 + Level 5.7 Axes
 + Level 0.1 Throwing
 + Level 5.7 Armour
 + Level 2.1 Dodging
 + Level 1.0 Stealth
 + Level 5.0 Shields


You had 7 spell levels left.
You didn't know any spells.
Your spell library contained the following spells:

 Spells                   Type           Power      Damage    Failure   Level
 Ignite Poison            Fire/Tmut/Pois 0%         N/A       99%         3
 Mephitic Cloud           Conj/Pois/Air  0%         N/A       99%         3
 Petrify                  Tmut/Erth      0%         N/A       100%        4
 Freezing Cloud           Conj/Ice/Air   0%         6-21      100%        5
 Irradiate                Conj/Tmut      0%         3d13      100%        5
 Sublimation of Blood     Necr           Unusable   N/A       N/A         2

Dungeon Overview and Level Annotations

Branches:
Dungeon (5/15)             Temple (0/1) D:5

Altars:
Kikubaaqudgha
Vehumet
Yredelemnul

Annotations:
D:5 Eustachio


Innate Abilities, Weirdness & Mutations

You are immune to sickness and miasma.
Your stone body is resilient. (AC +5)
You are immune to poison.
You resist negative energy. (rN+)
You are resistant to electric shocks. (rElec)
You are resistant to unholy torment.
You are immune to petrification.


Message History

The hobgoblin barely misses you.
You slash the gnoll!
You kill the gnoll!
You slash the hobgoblin!
You kill the hobgoblin!
The gnoll shaman calls upon its god to speed up something.
You hit the orc.
The orc is poisoned.
The orc is heavily wounded.
You barely miss Eustachio. You block the orc's attack.
You block Eustachio's attack.
You slash the orc!
You kill the orc!
You barely miss Eustachio. Eustachio hits you but does no damage.
You slash the gnoll!
The gnoll is poisoned.
The gnoll is severely wounded.
You slash Eustachio!
Eustachio is poisoned.
Eustachio gestures wildly while chanting.
Eustachio blinks!
You block the gnoll's attack. Eustachio hits you but does no damage.
You hit the gnoll shaman.
The gnoll shaman is poisoned.
The gnoll shaman is moderately wounded.
You completely miss Eustachio.
The gnoll shaman hits you with a +0 club.
Eustachio closely misses you.
You slash the gnoll shaman!
You kill the gnoll shaman!
You closely miss Eustachio. Eustachio hits you but does no damage.
You slash the orc!
You kill the orc!
You hit Eustachio. You block the gnoll's attack.
Eustachio hits you with a +0 rapier.
* * * LOW HITPOINT WARNING * * *
Okay, then.
You barely miss the gnoll.
The gnoll is almost dead.
You hit Eustachio.
Eustachio looks as sick as possible!
The gnoll hits you from afar with a +0 halberd!
* * * LOW HITPOINT WARNING * * *
The gnoll hits you with a +0 whip.
You die...

,,,,,,,,,,,,,,,,,* #.......#
**********,******* #...#...#*
****,** #........# *,,.,,*
#.#._.#..# **** *,*#.,*
####g.......# ,,,* *,**..#***
#.g...(#....# **,****,,,,<..,*
#.#.........*
,,,,,,,,,...##g###r#####.#...****
,*,****,,.....og@@5....#....#**,,
,,,* *,,...##.###.###.#*#.## *,*
,**** *,,,,,,#,* #...,,,,,.# *,*
,,,,* *,,,,,**,* #####,****# *,,
***,* **,,,,,,,* *,* *,, *
*,***************************** *
*,,,,,,,,,,,,,,,,,,,,,,,,,,,,,, *
*,,,*,,*,,*,,*,,*,,*,,*,,*,,*,, *
*,,,,,,,,,,,,,,,,,,,,,,,,,,,,,,


You could see Eustachio (extremely poisoned), a quasit (summoned), 2 gnolls, an
orc and a quokka (summoned).

Vanquished Creatures
  Pikel (D:2)
  Grinder (D:3)
  A water moccasin (D:2)
  An ogre (D:4)
  2 lemures
  A gnoll shaman (D:5)
  Ijyb (D:3)
  Jessica (D:2)
  Terence (D:3)
  5 adders
  8 gnolls
  A worm (D:2)
  6 orcs
  5 bats
  10 endoplasms
  6 giant cockroaches
  5 goblins
  6 hobgoblins
  2 jackals (D:1)
  7 kobolds
  4 quokkas
  6 ball pythons
  2 frilled lizards
  8 rats
91 creatures vanquished.

Vanquished Creatures (others)
  An endoplasm (D:3)
1 creature vanquished.

Grand Total: 92 creatures vanquished

Notes
Turn   | Place    | Note
-------+----------+-------------------------------------------
     0 | D:1      | jlumianski the Gargoyle Fighter began the quest for the
                  | Orb.
     0 | D:1      | Reached XP level 1. HP: 14/14 MP: 1/1
    89 | D:1      | Reached XP level 2. HP: 19/19 MP: 2/2
   442 | D:1      | Reached XP level 3. HP: 19/23 MP: 3/3
   942 | D:2      | Noticed Jessica
   951 | D:2      | Killed Jessica
   952 | D:2      | Reached XP level 4. HP: 29/29 MP: 4/4
  1318 | D:2      | Found a faded altar of an unknown god.
  1511 | D:2      | Reached XP level 5. HP: 29/33 MP: 5/5
  1626 | D:3      | Noticed Ijyb
  1626 | D:3      | Noticed a water moccasin
  1651 | D:2      | Killed a water moccasin
  1652 | D:2      | Reached XP level 6. HP: 32/38 MP: 6/6
  2082 | D:3      | Killed Ijyb
  2196 | D:3      | Noticed Terence
  2209 | D:3      | Killed Terence
  2513 | D:3      | Noticed a human
  2514 | D:3      | Found a runed translucent door.
  2536 | D:3      | Found a basalt altar of Yredelemnul.
  2572 | D:3      | Noticed Grinder
  2582 | D:3      | Paralysed by Grinder for 2 turns
  2587 | D:3      | Killed Grinder
  2588 | D:3      | Reached skill level 1 in Dodging
  2588 | D:3      | Reached XP level 7. HP: 34/44 MP: 7/7
  2823 | D:4      | Noticed Pikel
  2859 | D:2      | Killed Pikel
  2860 | D:2      | Reached skill level 5 in Axes
  2860 | D:2      | Reached skill level 5 in Armour
  2860 | D:2      | Reached skill level 5 in Shields
  2860 | D:2      | Reached XP level 8. HP: 19/48 MP: 8/8
  3143 | D:4      | Reached skill level 5 in Fighting
  3380 | D:4      | Reached skill level 1 in Stealth
  3633 | D:4      | Found an ancient bone altar of Kikubaaqudgha.
  3847 | D:5      | Entered Level 5 of the Dungeon
  3861 | D:5      | Noticed Eustachio
  3877 | D:5      | Found a radiant altar of Vehumet.
  3904 | D:5      | Slain by a gnoll

Illustrated notes

Levels and vault maps discovered:
D:1:      grunt_arrival_crossed_arrows, layout_loops_ring, st_stairs_9
D:2:      layout_basic, chequers_ecumenical_altar_simple_redux, uniq_jessica
D:3:      layout_rooms, dk_yredelemnul_ordeal, uniq_terence, uniq_ijyb,
          uniq_grinder
D:4:      layout_cave_pools, lemuel_tele_altar, uniq_pikel
D:5:      layout_loops_corners, vehumet_altar_wand_db,
          minmay_temple_entry_fiery, chequers_ossuary_entry_cave, nrook_uturn,
          minmay_strange_pillars, columned_hall_lemuel, roderic_batcave,
          uniq_edmund, uniq_eustachio

Skill      XL: |  1  2  3  4  5  6  7  8 |
---------------+-------------------------+-----
Axes           | 2 3 4 5 |  5.7
Shields        | 4 5 |  5.0
Fighting       | 4 5 |  5.3
Armour         | 4 5 |  5.7
Dodging        | 1 2 |  2.1
Stealth        | 1 |  1.0
Throwing       | |  0.1

Action                   |  1- 3 |  4- 6 |  7- 9 || total
-------------------------+-------+-------+-------++-------
Melee: War axe           |    71 |   123 |       ||   194
       Hand axe          |       |    18 |    69 ||    87
Throw: Dart              |       |     1 |       ||     1
  Use: Scroll            |       |       |     6 ||     6
       Potion            |       |       |     1 ||     1
Armor: Scale mail        |    40 |    96 |    45 ||   181
Dodge: Dodged            |    41 |    65 |    29 ||   135
Block: Buckler           |    16 |    24 |    21 ||    61

Table legend: (Time is in decaauts)
 A = Elapsed time spent in this place.
 B = Non-inter-level travel time spent in this place.
 C = Inter-level travel time spent in this place.
 D = Time resting spent in this place.
 E = Time spent auto-exploring this place.
 F = Levels seen in this place.
 G = Mean time per level.
                   A        B        C        D        E       F      G
               +--------+--------+--------+--------+--------+-----+--------+
         Total |   3991 |   3901 |     90 |    169 |   2082 |   5 |  798.2 |
       Dungeon |   3991 |   3901 |     90 |    169 |   2082 |   5 |  798.2 |
               +--------+--------+--------+--------+--------+-----+--------+

Top non-repeatable levels by time:
     D:2: 1277 daAuts
     D:1: 957 daAuts
     D:3: 918 daAuts
     D:4: 788 daAuts
     D:5: 50 daAuts
